 Dungeon Crawl Stone Soup version 0.23.0 (webtiles) character file.

Game seed: 15982462045352047565

436 Peloso the Shield-Bearer (level 6, 0/53 HPs)
             Began as a Minotaur Fighter on Feb 14, 2019.
             Slain by a sky beast (6 damage)
             ... on level 7 of the Dungeon.
             The game lasted 00:06:05 (3476 turns).

Peloso the Shield-Bearer (Minotaur Fighter)         Turns: 3476, Time: 00:06:05

Health: 0/53       AC: 10    Str: 21    XL:     6   Next: 68%
Magic:  5/5        EV:  8    Int:  5    God:
Gold:   181        SH: 10    Dex: 11    Spells: 5/5 levels left

rFire    + . .     SeeInvis .   a - +1 long sword
rCold    x . .     Gourm    .   c - +0 shield
rNeg     . . .     Faith    .   b - +0 scale mail
rPois    +         Spirit   .   (helmet restricted)
rElec    .         Reflect  .   u - +2 cloak {rPois}
rCorr    .         Harm     .   (no gloves)
MR       .....                  (no boots)
Stlth    ..........             (no amulet)
HPRegen  0.17/turn              k - ring of fire
MPRegen  0.09/turn              (no ring)

@: no status effects
A: retaliatory headbutt, horns 2
a: no special abilities


You were on level 7 of the Dungeon.
You were not hungry.

You visited 1 branch of the dungeon, and saw 6 of its levels.

You collected 181 gold pieces.

Inventory:

Hand Weapons
 a - a +1 long sword (weapon)
Armour
 b - a +0 scale mail (worn)
 c - a +0 shield (worn)
 u - a +2 cloak of poison resistance (worn)
Jewellery
 k - a ring of fire (left hand)
Scrolls
 h - 2 scrolls of blinking
 i - a scroll of identify
 p - a scroll of amnesia
Potions
 d - 2 potions of might
 e - 2 potions of curing
 g - a potion of invisibility
 j - 4 potions of brilliance
 l - 2 potions of cancellation
 n - a potion of degeneration {unknown}
 o - 4 potions of agility {unknown}
 q - a potion of resistance {unknown}
 s - a potion of magic {unknown}
Comestibles
 f - 7 rations


   Skills:
 + Level 4.7 Fighting
 + Level 5.2 Long Blades
 + Level 5.4 Armour
 + Level 1.2 Dodging
 + Level 0.7 Stealth
 + Level 5.4 Shields


You had 5 spell levels left.
You didn't know any spells.
Your spell library was empty.

Dungeon Overview and Level Annotations

Branches:
Dungeon (5/15)
 Temple: D:4-7

Altars:
Makhleb


Innate Abilities, Weirdness & Mutations

You reflexively headbutt those who attack you in melee.
You have a pair of horns on your head.


Message History

* * * LOW HITPOINT WARNING * * *
Something shocks you.
* * * LOW HITPOINT WARNING * * *
Something hits you but does no damage.
You see here 14 arrows.
You feel better. Something hits you. Something shocks you.
* * * LOW HITPOINT WARNING * * *
Unknown command.
Your shield and scale mail prevent you from hitting something.
A sky beast appears from thin air!
Reactivating autopickup.
The sky beast hits you.
* * * LOW HITPOINT WARNING * * *
The sky beast shocks you.
* * * LOW HITPOINT WARNING * * *
The sky beast barely misses you.
You feel better. The sky beast hits you.
* * * LOW HITPOINT WARNING * * *
The sky beast shocks you.
You die...

##################
#......#...#.....#
+......#...#.....#
#.....+...#.@...#
#.....##..##Y..##
#.....##..##...##
+....≈≈...(.....#
#.....##........#
#.....##..###..##
#......##### ..#
#......# ..+
##.....# ..#


You could see a sky beast.

Vanquished Creatures
  A scorpion (D:5)
  A howler monkey (D:4)
  A hound (D:4)
  Crazy Yiuf (D:3)
  A bullfrog skeleton (D:4)
  Jessica (D:3)
  An iguana (D:4)
  3 worker ants (D:4)
  Terence (D:2)
  3 adders
  An ooze (D:1)
  An adder skeleton (D:4)
  A worm (D:4)
  4 leopard geckos
  8 orcs
  5 bats
  6 giant cockroaches (D:1)
  5 goblins
  3 hobgoblins
  3 jackals (D:3)
  6 quokkas
  A ball python (D:2)
  4 frilled lizards
  5 kobolds
  A leopard gecko skeleton (D:2)
  5 rats
73 creatures vanquished.

Notes
Turn   | Place    | Note
-------+----------+-------------------------------------------
     0 | D:1      | Peloso the Minotaur Fighter began the quest for the Orb.
     0 | D:1      | Reached XP level 1. HP: 19/19 MP: 0/0
   119 | D:1      | Reached XP level 2. HP: 27/27 MP: 1/1
   408 | D:1      | Reached XP level 3. HP: 29/33 MP: 2/2
   954 | D:2      | Found a burning altar of Makhleb.
  1121 | D:2      | Noticed Terence
  1130 | D:2      | Killed Terence
  1130 | D:2      | Reached XP level 4. HP: 40/40 MP: 3/3
  1474 | D:3      | Noticed Jessica
  1483 | D:3      | Killed Jessica
  1775 | D:3      | Reached XP level 5. HP: 39/46 MP: 4/4
  2134 | D:3      | Found a runed translucent door.
  2135 | D:3      | Noticed Crazy Yiuf
  2141 | D:3      | Killed Crazy Yiuf
  2365 | D:4      | Reached skill level 5 in Armour
  2365 | D:4      | Reached skill level 5 in Shields
  2450 | D:4      | Reached XP level 6. HP: 32/53 MP: 5/5
  2481 | D:4      | Reached skill level 1 in Dodging
  2798 | D:4      | Reached skill level 5 in Long Blades
  3158 | D:5      | Entered Level 5 of the Dungeon
  3447 | D:5      | You fall through a shaft for 2 floors!
  3448 | D:7      | Noticed a sky beast
  3476 | D:7      | Slain by a sky beast

Skill      XL: |  1  2  3  4  5  6 |
---------------+-------------------+-----
Shields        | 4 5 |  5.4
Armour         | 4 5 |  5.4
Fighting       | 4 |  4.7
Long Blades    | 3 4 5 |  5.2
Dodging        | 1 |  1.2
Stealth        | |  0.7

Action                   |  1- 3 |  4- 6 || total
-------------------------+-------+-------++-------
Melee: Long sword        |    74 |   124 ||   198
       Headbutt          |     6 |    30 ||    36
  Use: Scroll            |       |     9 ||     9
       Potion            |       |     3 ||     3
  Eat: Chunk             |       |     8 ||     8
Armor: Scale mail        |    28 |    44 ||    72
Dodge: Dodged            |    29 |    32 ||    61
Block: Shield            |    50 |    60 ||   110
       Rpst.: Long sword |     6 |     9 ||    15
